 Dungeon Crawl Stone Soup version 0.19.1-1-g22dce08 (webtiles) character file.

977 ogge1122 the Slasher (level 7, -3/61 HPs)
             Began as a Green Draconian Berserker on Jan 17, 2017.
             Was a Priest of Trog.
             Killed by divine providence
             ... invoked by an orc priest
              (14 damage)
             ... on level 5 of the Dungeon.
             The game lasted 00:15:54 (4207 turns).

ogge1122 the Slasher (Green Draconian Berserker)    Turns: 4207, Time: 00:15:57

Health: -3/61      AC:  6    Str: 17 (19) XL:     7   Next: 95%
Magic:  7/7        EV: 14    Int:  7 (8)  God:    Trog [***...]
Gold:   269        SH:  3    Dex: 12 (14) Spells: 0 memorised, 6 levels left

rFire  . . .     SeeInvis .     c - +0 shortbow
rCold  . . .     Gourm    .     (armour unavailable)
rNeg   . . .     Faith    .     (shield currently unavailable)
rPois  +         Spirit   .     (helmet restricted)
rElec  .         Reflect  +     (no cloak)
rCorr  .         Harm     .     (no gloves)
MR     .....                    (no boots)
Stlth  ++........               k - +3 amulet of reflection
                                (no ring)
                                n - +2 ring of dexterity

@: no status effects
A: breathe noxious fumes, unfitting armour, poison resistance, cold-blooded, AC
+6
a: Breathe Noxious Fumes, Berserk, Trog's Hand, Burn Spellbooks, Renounce
Religion


You were on level 5 of the Dungeon.
You worshipped Trog.
Trog was most pleased with you.
You were very hungry.

You visited 1 branch of the dungeon, and saw 5 of its levels.

You collected 269 gold pieces.

Inventory:

Hand Weapons
 a - a +1 falchion
 c - a +0 shortbow (weapon)
 o - a +0 giant spiked club
 p - a +0 rapier
 x - a +0 blowgun
 C - a +0 war axe
Missiles
 D - 9 arrows (quivered)
Armour
 m - a +0 chain mail
Magical Staves
 z - an uncursed staff of wizardry {unknown}
Jewellery
 k - a +3 amulet of reflection (around neck)
 n - a +2 ring of dexterity (left hand)
 y - an uncursed amulet of magic regeneration
Wands
 r - a wand of teleportation (2/9)
 t - a wand of iceblast (11/15)
 E - a wand of lightning (8/15)
 F - a wand of confusion (17/48)
Scrolls
 d - 3 scrolls of identify
 e - 2 scrolls of fear {unknown}
 h - 2 scrolls of immolation {unknown}
 j - a scroll of magic mapping {unknown}
 A - a scroll of remove curse {unknown}
 B - a scroll of recharging {unknown}
Potions
 g - a potion of degeneration
 i - 2 potions of ambrosia {unknown}
 q - a potion of curing {unknown}
 s - a potion of brilliance {unknown}
 u - a potion of mutation {unknown}
Comestibles
 b - 6 bread rations
 f - a slice of pizza
 v - a royal jelly
 w - a meat ration


   Skills:
 + Level 5.2 Fighting
 + Level 7.4 Long Blades
 + Level 4.7 Dodging
 + Level 2.1 Stealth


You had 6 spell levels left.
You didn't know any spells.

Dungeon Overview and Level Annotations

Branches:
Dungeon (5/15)
 Temple: D:4-7

Altars:
Fedhas

Annotations:
D:5 Pikel


Innate Abilities, Weirdness & Mutations

You can breathe blasts of noxious fumes.
Your lurid green scales are hard. (AC +6)
You cannot fit into any form of body armour.
Your system is resistant to poisons. (rPois)
You are cold-blooded and may be slowed by cold attacks.


Message History

The orc priest is almost dead.
Pikel ponders the situation.
Pikel hits you with a whip of freezing. Pikel freezes you.
The orc barely misses you.
The orc priest calls down the wrath of Beogh upon you.
Beogh smites you!
* * * LOW HITPOINT WARNING * * *
Pikel hits the slave with a whip of freezing.
Pikel freezes the slave.
The slave is killed!
That felt strangely unrewarding.
The slave shouts!
It was a potion of degeneration.
There was something very wrong with that liquid.
You feel weakened.
You feel dopey.
You feel clumsy. The orc hits you with a mace.
* * * LOW HITPOINT WARNING * * *
The orc priest mumbles some strange prayers to Beogh against you.
Beogh smites you!
You die...

#.# #.# #.#
#.# ##.# #
#..# #..
#.## #.../
#.#
####....##
#.#
#.@oo.....
#.#
#K##....##
#.# #[#
..... #.#
#p# .### #.#
#.# # #.####
#.# #....#
#.# ####.#
#.# # #.#
#.####.###.#


You could see Pikel (confused), a slave (confused), an orc priest and an orc.

Vanquished Creatures
  Grinder (D:3)
  The ghost of fatfloppyjuicyveiny the Quickloader, an amateur KoHu (D:3)
  The ghost of fatfloppyjuicyveiny the Archer, an amateur CeHu (D:4)
  A slave (D:5)
  An ogre (D:4)
  A centaur (D:5)
  A scorpion (D:4)
  2 hounds (D:4)
  A centaur skeleton (D:4)
  Jessica (D:3)
  A worker ant (D:4)
  Ijyb (D:2)
  3 adders
  An adder skeleton (D:4)
  3 worms
  A dart slug (D:1)
  2 leopard geckos
  6 orcs
  2 ball pythons
  4 giant cockroaches
  8 goblins
  6 hobgoblins
  3 quokkas
  12 bats
  5 frilled lizards
  7 kobolds
  6 rats
82 creatures vanquished.

Notes
Turn   | Place    | Note
-------+----------+-------------------------------------------
     0 | D:1      | ogge1122 the Draconian Berserker began the quest for the Orb.
     0 | D:1      | Reached XP level 1. HP: 19/19 MP: 1/1
   273 | D:1      | Reached XP level 2. HP: 22/26 MP: 2/2
  1095 | D:2      | Reached XP level 3. HP: 27/31 MP: 3/3
  1102 | D:2      | Reached ** piety under Trog
  1247 | D:2      | Noticed Ijyb
  1267 | D:2      | Killed Ijyb
  1267 | D:2      | Reached skill level 4 in Long Blades
  1267 | D:2      | Reached XP level 4. HP: 34/40 MP: 4/4
  2198 | D:3      | Noticed Jessica
  2205 | D:3      | Noticed fatfloppyjuicyveiny's ghost (amateur KoHu)
  2215 | D:3      | Killed Jessica
  2215 | D:3      | Reached skill level 1 in Stealth
  2222 | D:3      | Killed fatfloppyjuicyveiny's ghost
  2222 | D:3      | Reached skill level 5 in Long Blades
  2222 | D:3      | Reached XP level 5. HP: 40/46 MP: 5/5
  2222 | D:3      | Reached XP level 6. HP: 45/52 MP: 6/6
  2630 | D:3      | Noticed Grinder
  2650 | D:3      | Killed Grinder
  2650 | D:3      | Reached skill level 6 in Long Blades
  3158 | D:4      | Your scales start taking on a lurid green colour.
  3158 | D:4      | Reached XP level 7. HP: 41/60 MP: 7/7
  3158 | D:4      | Gained mutation: Your system is resistant to poisons. (rPois) [Green Draconian growth]
  3218 | D:4      | Noticed fatfloppyjuicyveiny's ghost (amateur CeHu)
  3276 | D:4      | Killed fatfloppyjuicyveiny's ghost
  3276 | D:4      | Reached skill level 5 in Fighting
  3574 | D:4      | Reached *** piety under Trog
  3585 | D:4      | Reached skill level 7 in Long Blades
  3900 | D:4      | Found a blossoming altar of Fedhas.
  3979 | D:5      | Entered Level 5 of the Dungeon
  4176 | D:5      | Noticed Pikel
  4207 | D:5      | Killed from afar by an orc priest

Skill      XL: |  1  2  3  4  5  6  7 |
---------------+----------------------+-----
Dodging        | 3 4 |  4.7
Long Blades    | 4 5 6 7 |  7.4
Fighting       | 4 5 |  5.2
Stealth        | 1 2 |  2.1

Action                   |  1- 3 |  4- 6 |  7- 9 || total
-------------------------+-------+-------+-------++-------
Melee: Falchion          |    84 |   105 |    78 ||   267
       Tailslap          |    13 |    24 |    15 ||    52
       War axe           |       |       |     4 ||     4
 Fire: Shortbow          |       |       |    13 ||    13
Invok: Berserk           |       |     1 |       ||     1
       Trog's Hand       |       |     1 |       ||     1
 Abil: Breathe Noxious F |       |       |     2 ||     2
  Use: Scroll            |       |       |     5 ||     5
       Potion            |       |       |     1 ||     1
  Eat: Chunk             |     1 |     4 |       ||     5
       Bread ration      |       |     1 |       ||     1
       Pizza             |       |     1 |       ||     1
Armor: Skin              |    29 |    39 |    18 ||    86
Dodge: Dodged            |    71 |    85 |    57 ||   213
Block: Other             |       |     7 |     5 ||    12
       Rpst.: Falchion   |    23 |    31 |    14 ||    68
